 Dungeon Crawl Stone Soup version 0.22-a0-109-gbeb7240 (webtiles) character file.

22842 sankara the Fighter (level 12, -4/121 HPs)
             Began as a Purple Draconian Transmuter on Jan 25, 2018.
             Was a High Priest of Okawaru.
             Slain by a merfolk siren
             ... wielding a +2 spear of freezing
             ... summoned by a worldbinder
              (7 damage)
             ... on level 1 of the Abyss on Jan 26, 2018.
             The game lasted 02:01:00 (19135 turns).

sankara the Fighter (Purple Draconian Transmuter)  Turns: 19135, Time: 02:01:01

Health: -4/121     AC: 13    Str: 15    XL:     12   Next: 66%
Magic:  28/28      EV: 22    Int: 13    God:    Okawaru [*****.]
Gold:   720        SH:  6    Dex: 15    Spells: 9/21 levels left

rFire    . . .     SeeInvis .     - Unarmed
rCold    . . .     Gourm    +   K - +0 buckler "Zequl" {Regen+}
rNeg     . . .     Faith    .   (armour unavailable)
rPois    .         Spirit   .   (helmet restricted)
rElec    +         Reflect  .   (no cloak)
rCorr    .         Harm     .   B - +1 pair of gloves
MR       ++...     Rnd*Rage +   L - +2 pair of boots "Baskaaqe" {rElec}
Stlth    +++.......             r - amulet of the gourmand
HPRegen  0.70/turn              g - ring of magical power
MPRegen  0.21/turn              p - ring of protection from magic

@: heroism, finesse, berserk cooldown, hasted and slowed
A: breathe power, unfitting armour, berserk 1, robust 1, cold-blooded, AC +8
a: Breathe Dispelling Energy, Heroism, Finesse, Renounce Religion


You were on level 1 of the Abyss.
You worshipped Okawaru.
Okawaru was extremely pleased with you.
You were full.

You visited 3 branches of the dungeon, and saw 14 of its levels.
You visited the Abyss 1 time.

You collected 720 gold pieces.

Inventory:

Hand Weapons
 b - a +0 hunting sling
 u - a +1 dagger of draining
Missiles
 a - 282 arrows
 d - 245 stones (quivered)
 h - 40 sling bullets
 o - 4 steel tomahawks
 q - 5 tomahawks
 y - 8 curare-tipped needles
 I - 32 poisoned needles
Armour
 B - a +1 pair of gloves (worn)
 K - the +0 buckler "Zequl" (worn) {Regen+}
   (Okawaru gifted it to you on level 11 of the Dungeon)

   It increases your rate of regeneration.
 L - the +2 pair of boots "Baskaaqe" (worn) {rElec}
   (You found it on level 8 of the Dungeon)

   It insulates you from electricity.
Magical Staves
 D - an uncursed staff of death {unknown}
Jewellery
 f - an uncursed ring of positive energy
 g - a ring of magical power (left hand)
 n - an uncursed ring of fire
 p - a ring of protection from magic (right hand)
 r - an amulet of the gourmand (around neck)
 z - an uncursed ring of ice
 E - an uncursed ring of fire
 F - a +3 ring of strength
 Q - an uncursed amulet of regeneration
Wands
 e - a wand of paralysis (22)
 i - a wand of iceblast (10)
 m - a wand of digging (15)
 P - a wand of random effects (22)
Scrolls
 j - 5 scrolls of teleportation
 s - a scroll of enchant armour
 w - 5 scrolls of identify
 x - 4 scrolls of remove curse
 C - 2 scrolls of blinking
 H - a scroll of enchant weapon
 J - 2 scrolls of magic mapping
 M - 2 scrolls of fear
 O - a scroll of amnesia
 R - a scroll of fog
Potions
 k - 2 potions of cancellation
 l - 2 potions of mutation
 A - a potion of ambrosia
 G - 3 potions of lignification
 U - a potion of berserk rage {unknown}
Books
 t - a book of Misfortune

   Spells                             Type                      Level
   a - Confusing Touch                Hexes                        1
   b - Confuse                        Hexes                        3
   c - Gell's Gravitas                Translocation                3
   d - Petrify                        Transmutation/Earth          4
   e - Metabolic Englaciation         Hexes/Ice                    5
   f - Yara's Violent Unravelling     Hexes/Transmutation          5
 v - a book of Changes

   Spells                             Type                      Level
   a - Beastly Appendage              Transmutation                1
   b - Sticks to Snakes               Transmutation                2
   c - Spider Form                    Transmutation/Poison         3
   d - Ice Form                       Ice/Transmutation            4
   e - Blade Hands                    Transmutation                5
 N - a book of Maledictions

   Spells                             Type                      Level
   a - Corona                         Hexes                        1
   b - Ensorcelled Hibernation        Hexes/Ice                    2
   c - Confuse                        Hexes                        3
   d - Tukima's Dance                 Hexes                        3
   e - Dazzling Spray                 Conjuration/Hexes            3
Comestibles
 c - 23 rations


   Skills:
 + Level 11.3(16.3) Fighting
 + Level 9.5(14.5) Dodging
 - Level 4.0(9.0) Shields
 + Level 9.9(14.9) Unarmed Combat
 - Level 5.2 Spellcasting
 - Level 3.3 Hexes
 + Level 10.6 Transmutations
 + Level 3.6 Invocations


You had 9 spell levels left.
You knew the following spells:

 Your Spells              Type           Power        Failure   Level  Hunger
a - Beastly Appendage     Tmut           ####..       1%          1    None
b - Sticks to Snakes      Tmut           ####....     1%          2    ##.....
c - Spider Form           Tmut/Pois      ###.......   6%          3    ###....
d - Confusing Touch       Hex            ##....       4%          1    None
e - Blade Hands           Tmut           ####......   6%          5    ######.


Dungeon Overview and Level Annotations

Branches:
Dungeon (11/15)            Temple (1/1) D:4            Lair (2/6) D:11
    Orc (0/2) D:11
  Swamp: Lair:2-4    Shoals: Lair:2-4     Snake: Lair:2-4    Spider: Lair:2-4

Altars:
Ashenzari
Cheibriados
Dithmenos
Elyvilon
Fedhas
Gozag
Hepliaklqana
Kikubaaqudgha
Makhleb
Nemelex Xobeh
Okawaru
Qazlal
Ru
Sif Muna
Trog
Uskayaw
Vehumet
Wu Jian
Xom
Yredelemnul
Zin
The Shining One

Shops:
D:5 (   D:7 (

Annotations:
Lair:2 Sonja


Innate Abilities, Weirdness & Mutations

You can breathe bolts of dispelling energy.
Your rich purple scales are hard. (AC +8)
You cannot fit into any form of body armour.
You are cold-blooded and may be slowed by cold attacks.
You tend to lose your temper in combat.
You are robust. (+10% HP)


Message History

The worldbinder completely misses you.
The worldbinder hits you but does no damage.
You are engulfed in a cloud of scalding steam.
The storm dragon skeleton bites you but does no damage.
The storm dragon skeleton misses you. x2; The merfolk siren closely misses you.
The small abomination misses you.
The merfolk siren chants a haunting song.
You easily resist.
You hit the worldbinder but do no damage.
You feel less invigorated.
You feel less confused. The worldbinder barely misses you.
The worldbinder completely misses you. The smoke demon misses you.
You block the smoke demon's attack. x2
The storm dragon skeleton misses you. x3
The merfolk siren hits you from afar with a spear!
* * * LOW HITPOINT WARNING * * *
The merfolk siren hits you from afar with a spear of freezing!
* * * LOW HITPOINT WARNING * * *
The merfolk siren freezes you!
You die...

......... . . .
.#.... #. ....
........ ... .....#
##. . ... .. .#....
##.## #. #
.......###...###...#
........#..x..#.....#
. ........mZ@ยงยงยง.
.. ......#[.3x.# ....
##...####..m###...#
..# ##m## # .## #.
... .X.# . # . . .
.....##. . ...
....... . ...
......##....# . ..
......#. . .


You could see a thrashing horror, 3 merfolk sirens, a worldbinder, a smoke
demon, a small abomination and a storm dragon skeleton.

Vanquished Creatures
  A lich (Abyss:1)
  A tentacled starspawn (Abyss:1)
  2 hydras
  The ghost of theanonym the Cleaver, a novice DDFi of Makhleb (D:10)
  Erica (D:8)
  3 two-headed ogres
  An unseen horror (D:10)
  Pikel (D:5)
  An ugly thing (D:11)
  A manticore (D:11)
  A black mamba (Lair:1)
  A large abomination (Abyss:1)
  2 spiny frogs (Lair:1)
  A smoke demon (Abyss:1)
  A komodo dragon (Lair:1)
  A troll (D:11)
  A polar bear (Lair:2)
  2 hornets
  5 blink frogs (Lair:1)
  A wyvern (D:10)
  15 yaks
  A hungry ghost (D:8)
  Grum (D:8)
  2 steam dragons (D:7)
  2 water moccasins
  Duvessa (D:4)
  A soldier ant (D:10)
  A small abomination (Abyss:1)
  3 porcupines
  2 ice beasts
  4 orc warriors
  4 sky beasts
  2 slaves (D:5)
  3 ogres
  4 wolves
  4 centaurs
  A crocodile (Lair:2)
  A big kobold (D:9)
  15 bullfrogs
  A water moccasin zombie (D:9)
  Dowan (D:4)
  2 wyvern skeletons (D:11)
  6 scorpions
  2 howler monkeys
  An electric eel (Lair:2)
  2 bullfrog zombies
  6 crimson imps
  5 quasits
  8 hounds
  A jelly (D:10)
  11 orc priests
  15 orc wizards
  3 bullfrog skeletons
  An iguana (D:9)
  4 worker ants
  A killer bee zombie (D:8)
  A hound skeleton (D:8)
  A worker ant zombie (D:6)
  11 adders
  3 shadow imps
  2 oozes
  An adder zombie (D:9)
  2 worms
  A dart slug (D:1)
  3 leopard geckos
  58 orcs
  6 giant cockroaches
  6 goblins
  5 hobgoblins
  18 jackals
  6 quokkas
  2 bats
  13 frilled lizards
  7 kobolds
  A leopard gecko zombie (D:7)
  6 rats
319 creatures vanquished.

Vanquished Creatures (collateral kills)
  An orc priest (D:6)
  A giant cockroach (D:6)
  2 jackals
4 creatures vanquished.

Vanquished Creatures (others)
  3 fungi
  2 plants
  4 starspawn tentacles (Abyss:1)
9 creatures vanquished.

Grand Total: 332 creatures vanquished

Notes
Turn   | Place    | Note
-------+----------+-------------------------------------------
     0 | D:1      | sankara the Draconian Transmuter began the quest for the Orb.
     0 | D:1      | Reached XP level 1. HP: 16/16 MP: 3/3
   412 | D:1      | Reached XP level 2. HP: 15/23 MP: 3/5
   526 | D:1      | Learned a level 2 spell: Sticks to Snakes
  1976 | D:2      | Reached XP level 3. HP: 29/29 MP: 6/6
  2181 | D:2      | Reached skill level 2 in Fighting
  2309 | D:2      | Reached XP level 4. HP: 13/36 MP: 7/7
  2832 | D:2      | Found a shattered altar of Ashenzari.
  3326 | D:2      | Learned a level 3 spell: Spider Form
  3761 | D:3      | Reached XP level 5. HP: 44/44 MP: 8/8
  4046 | D:3      | Learned a level 1 spell: Confusing Touch
  4081 | D:3      | Reached skill level 3 in Fighting
  4644 | D:4      | Reached skill level 5 in Unarmed Combat
  4724 | D:4      | Reached XP level 6. HP: 27/51 MP: 9/9
  4994 | D:4      | Noticed Duvessa
  4997 | D:4      | Noticed Dowan
  5010 | D:4      | Killed Duvessa
  5018 | D:4      | Gained mutation: You tend to lose your temper in combat. [potion of mutation]
  5018 | D:4      | Gained mutation: You are robust. (+10% HP) [potion of mutation]
  5030 | D:4      | Killed Dowan
  5236 | D:4      | Your scales start taking on a rich purple colour.
  5236 | D:4      | Reached XP level 7. HP: 63/63 MP: 10/10
  5450 | D:4      | Reached skill level 4 in Fighting
  5729 | D:4      | Found a staircase to the Ecumenical Temple.
  5753 | Temple   | Entered the Ecumenical Temple
  6078 | Temple   | Became a worshipper of Warmaster Okawaru
  6708 | D:5      | Entered Level 5 of the Dungeon
  6908 | D:5      | Found Oqom Ost's Antique Weapon Boutique.
  7381 | D:5      | You fall through a shaft!
  7423 | D:6      | Reached XP level 8. HP: 67/73 MP: 11/11
  7575 | D:6      | Reached * piety under Okawaru
  7575 | D:6      | Reached skill level 5 in Fighting
  7583 | D:6      | Reached skill level 5 in Transmutations
  7689 | D:6      | Found a glowing drain.
  7850 | D:5      | Noticed Pikel
  7864 | D:5      | Killed Pikel
  7864 | D:5      | Reached ** piety under Okawaru
  7864 | D:5      | Reached XP level 9. HP: 67/82 MP: 12/12
  8491 | D:6      | Reached skill level 6 in Fighting
  9238 | D:7      | Found Vuicus's Weapon Shop.
  9464 | D:7      | Reached skill level 5 in Dodging
  9489 | D:7      | Reached skill level 1 in Shields
 10251 | D:8      | Got a pair of crude boots
 10252 | D:8      | Identified the +2 pair of boots "Baskaaqe" {rElec} (You found it on level 8 of the Dungeon)
 10465 | D:8      | Noticed a two-headed ogre
 10503 | D:8      | Killed a two-headed ogre
 10503 | D:8      | Reached *** piety under Okawaru
 10503 | D:8      | Reached skill level 7 in Fighting
 10842 | D:8      | Reached XP level 10. HP: 88/94 MP: 13/13
 10889 | D:8      | Noticed Grum
 10893 | D:8      | Killed Grum
 10995 | D:8      | Found a deep blue altar of Sif Muna.
 11208 | D:8      | Learned a level 5 spell: Blade Hands
 11313 | D:8      | Noticed Erica
 11323 | D:8      | Noticed a two-headed ogre
 11342 | D:8      | Killed a two-headed ogre
 11342 | D:8      | Reached **** piety under Okawaru
 11342 | D:8      | Reached skill level 8 in Fighting
 11590 | D:8      | Killed Erica
 12316 | D:9      | Paralysed by a hornet for 2 turns
 12567 | D:9      | Upgraded the game from 0.22-a0-99-g1ac4c55 to 0.22-a0-109-gbeb7240
 12877 | D:9      | Reached skill level 9 in Fighting
 13139 | D:9      | Reached skill level 1 in Hexes
 13561 | D:9      | Noticed a two-headed ogre
 13575 | D:9      | Killed a two-headed ogre
 13575 | D:9      | Reached ***** piety under Okawaru
 13575 | D:9      | Reached XP level 11. HP: 92/106 MP: 14/14
 13655 | D:10     | Entered Level 10 of the Dungeon
 13989 | D:10     | Killed an unseen horror
 14686 | D:10     | Noticed theanonym's ghost (novice DDFi)
 14710 | D:10     | Killed theanonym's ghost
 15300 | D:11     | Found a staircase to the Orcish Mines.
 15420 | D:11     | Found a staircase to the Lair.
 15794 | D:11     | Reached skill level 10 in Fighting
 15801 | D:11     | Received a gift from Okawaru
 15817 | D:11     | Got a warped buckler {god gift}
 15818 | D:11     | Identified the +0 buckler "Zequl" {Regen+} (Okawaru gifted it to you on level 11 of the Dungeon)
 15919 | D:11     | Noticed a white ugly thing
 15928 | D:11     | Killed a white ugly thing
 16610 | Lair:1   | Entered Level 1 of the Lair of Beasts
 17644 | Lair:1   | Reached XP level 12. HP: 108/118 MP: 18/18
 17747 | Lair:1   | Reached skill level 10 in Transmutations
 17994 | Lair:2   | Noticed Sonja
 18159 | Lair:2   | Reached skill level 5 in Spellcasting
 18351 | Lair:2   | Noticed an eight-headed hydra
 18447 | Lair:2   | Noticed a six-headed hydra
 18677 | Lair:1   | Killed a six-headed hydra
 18677 | Lair:1   | Reached skill level 1 in Invocations
 18800 | Lair:2   | Killed an eight-headed hydra
 18989 | Lair:2   | Cast into level 1 of the Abyss (Sonja)
 19083 | Abyss:1  | Noticed a lich
 19083 | Abyss:1  | Found a corrupted altar of Lugonu.
 19084 | Abyss:1  | Noticed a tentacled starspawn
 19103 | Abyss:1  | Killed a lich
 19103 | Abyss:1  | Reached skill level 11 in Fighting
 19107 | Abyss:1  | Killed a tentacled starspawn
 19107 | Abyss:1  | Received a gift from Okawaru
 19135 | Abyss:1  | HP: 3/121 [merfolk siren/spear of freezing[a worldbinder] (13)]
 19135 | Abyss:1  | Slain by a merfolk siren

Vault maps used:
D:1:      dpeg_arrival_arbitrary_a, eino_curves_04
D:2:      nicolae_overflow_hidden_temple, minmay_lizard_pond
D:3:      grunt_ministairs_10, minmay_statues_item, minmay_misc_feat_ornament,
          kennysheep_boxes
D:4:      temple_green, first_ration, uniq_duvessa
D:5:      serial_shops, shop, uniq_pikel
D:6:      gup_sewer_entry_glass
D:7:      cheibrodos_steamvent, serial_shops, kennysheep_little_box
D:8:      minmay_distorted_concentric_squares, basic_altar, uniq_erica,
          uniq_grum
D:11:     lair_entry_dummy, david_orc_3
Temple:   regret_index_temple_sigil_plot
Lair:2:   beast_lair_carwin_1, infiniplex_staircase_pool, grunt_megastairs_2,
          uniq_sonja

Skill      XL: |  1  2  3  4  5  6  7  8  9 10 11 12 |
---------------+-------------------------------------+-----
Fighting       | 2 3 4 5 7 9 10 11 | 11.3
Unarmed Combat | 4 5 6 8 9 |  9.9
Transmutations | 3 4 5 6 8 9 10 | 10.6
Dodging        | 2 3 4 5 7 8 9 |  9.5
Shields        | 3 4 |  4.0
Hexes          | 2 3 |  3.3
Spellcasting   | 4 5 |  5.2
Invocations    | 3 |  3.6

Action                   |  1- 3 |  4- 6 |  7- 9 | 10-12 || total
-------------------------+-------+-------+-------+-------++-------
Melee: Unarmed           |   108 |   172 |   293 |   490 ||  1063
       Kick              |     5 |     6 |    11 |       ||    22
       Tailslap          |     7 |     7 |     8 |    31 ||    53
       Headbutt          |     8 |    11 |     4 |     1 ||    24
       Punch             |     1 |     3 |     1 |     7 ||    12
       Rapier            |       |       |    26 |       ||    26
 Fire: Hunting sling     |       |    10 |       |    20 ||    30
Throw: Stone             |    40 |    33 |    14 |     4 ||    91
 Cast: Beastly Appendage |    21 |    25 |     8 |     7 ||    61
       Sticks to Snakes  |     3 |     9 |     5 |     7 ||    24
       Spider Form       |       |     6 |    36 |    46 ||    88
       Blade Hands       |       |       |       |    30 ||    30
       Confusing Touch   |       |       |       |     2 ||     2
Invok: Heroism           |       |       |     3 |    20 ||    23
       Finesse           |       |       |       |     5 ||     5
 Abil: Breathe Dispellin |       |       |       |     2 ||     2
  Use: Scroll            |       |     5 |     6 |    10 ||    21
       Potion            |       |     3 |     4 |     8 ||    15
 Stab: Confused          |       |       |       |     5 ||     5
       Sleeping          |       |       |       |     3 ||     3
  Eat: Chunk             |     5 |    21 |    27 |    46 ||    99
Armor: Skin              |    27 |    38 |    27 |    64 ||   156
Dodge: Dodged            |    56 |   110 |   252 |   488 ||   906
Block: Buckler           |       |       |       |    13 ||    13

Table legend:
 A = Spawn XP
 B = Non-spawn XP
 C = Spawn XP percentage of total XP
 D = Spawn monster count
 E = Non-spawn monster count
 F = Spawn count percentage of total count
 G = Total turns spent on level
                    A         B        C        D         E        F      G
               +---------+---------+-------+---------+---------+-------+---------
         Total |    6675 |   25957 |  20.5 |       5 |     316 |   1.6 | 19135
               +---------+---------+-------+---------+---------+-------+---------
           D:1 |       0 |      30 |   0.0 |       0 |      18 |   0.0 |  1840
           D:2 |       0 |     103 |   0.0 |       0 |      27 |   0.0 |  1593
           D:3 |       0 |     143 |   0.0 |       0 |      20 |   0.0 |  1149
           D:4 |       0 |     772 |   0.0 |       0 |      30 |   0.0 |  1781
           D:5 |       0 |    1089 |   0.0 |       0 |      13 |   0.0 |  1070
           D:6 |       0 |    1159 |   0.0 |       0 |      33 |   0.0 |  1102
           D:7 |       0 |     736 |   0.0 |       0 |      21 |   0.0 |  1271
           D:8 |       0 |    4204 |   0.0 |       0 |      30 |   0.0 |  1892
           D:9 |       0 |    2816 |   0.0 |       0 |      40 |   0.0 |  1612
          D:10 |       0 |    2666 |   0.0 |       0 |      20 |   0.0 |  1516
          D:11 |       0 |    3625 |   0.0 |       0 |      28 |   0.0 |  1560
        Lair:1 |       0 |    6387 |   0.0 |       0 |      24 |   0.0 |  1474
        Lair:2 |       0 |    2227 |   0.0 |       0 |      12 |   0.0 |   784
       Abyss:1 |    6675 |       0 | 100.0 |       5 |       0 | 100.0 |   146
               +---------+---------+-------+---------+---------+-------+---------
